 Dungeon Crawl Stone Soup version 0.17-a0-1910-g4c791fa (webtiles) character file.

78 George the Slasher (level 4, -1/33 HPs)
             Began as a Demonspawn Gladiator on Sept 25, 2015.
             Slain by Terence
             ... wielding a +2 mace of venom
              (5 damage)
             ... on level 3 of the Dungeon.
             The game lasted 00:03:21 (2067 turns).

George the Slasher (Demonspawn Gladiator)           Turns: 2067, Time: 00:03:22

Health: -1/33      AC: 10    Str: 16    XL:     4   Next: 15%
Magic:  4/4        EV:  7    Int:  9    God:
Gold:   134        SH:  0    Dex: 14    Spells: 0 memorised, 3 levels left

rFire  . . .     SeeInvis .     a - +0 long sword
rCold  . . .     Clarity  .     j - +0 chain mail
rNeg   . . .     SustAt   +     (no shield)
rPois  .         Gourm    .     c - +0 helmet
rElec  .         Spirit   .     (no cloak)
rCorr  .         Warding  .     (no gloves)
rMut   .         Rnd*Tele +     (no boots)
MR     .....                    (no amulet)
Stlth  ..........               n - ring of sustain attributes
                                g - ring of teleportation (curse)

@: lethally poisoned (-1 -> -20), not resistant to hostile enchantments,
extremely unstealthy
A: rugged brown scales 1, foul stench 1, rot immunity
a: Evoke Teleportation


You were on level 3 of the Dungeon.
You were not hungry.

You visited 1 branch of the dungeon, and saw 3 of its levels.

You collected 134 gold pieces.

Inventory:

Hand weapons
 a - a +0 long sword (weapon)
Missiles
 d - 3 throwing nets (quivered)
Armour
 c - a +0 helmet (worn)
 j - a +0 chain mail (worn)
Jewellery
 g - a cursed ring of teleportation (left hand)
 n - a ring of sustain attributes (right hand)
Scrolls
 f - 2 scrolls of fear {unknown}
 h - a scroll of amnesia {unknown}
 i - a scroll of identify {unknown}
 k - a scroll of teleportation {unknown}
 q - a scroll of immolation {unknown}
Potions
 l - a potion of curing {unknown}
 m - a potion of invisibility {unknown}
 o - a potion of brilliance {unknown}
Comestibles
 e - 3 bread rations
 r - a meat ration


   Skills:
 - Level 2.0 Fighting
 + Level 4.5 Long Blades
 - Level 1.7 Throwing
 - Level 2.6 Dodging


You had 3 spell levels left.
You didn't know any spells.

Dungeon Overview and Level Annotations

Branches:
Dungeon (3/15)

Altars:

Annotations:
D:3 Terence


Innate Abilities, Weirdness & Mutations

You are partially covered in rugged brown scales (AC +1, +3% HP).
You may emit foul miasma when damaged in melee.
You are immune to rotting.


Message History

You feel sick.
You are too injured to fight recklessly!
You barely miss the orc.
You feel sick. The orc barely misses you. The orc hits you but does no damage.
The orc looks sick.
You slash the orc!
You kill the orc!
You feel sick.
Terence screams, "I'm going to kill you!"
Terence hits you with a mace of venom.
* * * LOW HITPOINT WARNING * * *
You are more poisoned.
You hit Terence but do no damage.
Terence is almost dead.
* * * LOW HITPOINT WARNING * * *
You feel sick. Terence completely misses you.
You hit Terence but do no damage.
Terence is almost dead.
* * * LOW HITPOINT WARNING * * *
You feel sick. Terence hits you with a mace of venom.
You die...

#+# #.# #@#
.###+#@###
.......g..#
..<.......+
.......%..#
..........#
..........#
##..........
+............


You could see Terence and a hobgoblin.

Vanquished Creatures
  3 adders
  2 worms (D:3)
  2 giant geckos
  An orc (D:3)
  2 giant cockroaches
  3 hobgoblins
  A jackal (D:1)
  4 kobolds
  A ball python (D:1)
  8 bats
  5 giant newts
  9 goblins
  9 rats
50 creatures vanquished.

Notes
Turn   | Place    | Note
--------------------------------------------------------------
     0 | D:1      | George the Demonspawn Gladiator began the quest for the Orb.
     0 | D:1      | Reached XP level 1. HP: 16/16 MP: 1/1
   105 | D:1      | Reached skill level 3 in Long Blades
   354 | D:1      | Gained mutation: You are partially covered in rugged brown scales (AC +1, +3% HP). [demonic ancestry]
   354 | D:1      | Reached XP level 2. HP: 14/22 MP: 2/2
  1254 | D:2      | Found a faded altar to an unknown god.
  1274 | D:2      | Gained mutation: You are immune to rotting. [demonic ancestry]
  1274 | D:2      | Reached XP level 3. HP: 27/27 MP: 3/3
  1499 | D:2      | Reached skill level 4 in Long Blades
  1884 | D:3      | Gained mutation: You may emit foul miasma when damaged in melee. [demonic ancestry]
  1884 | D:3      | Reached XP level 4. HP: 12/33 MP: 4/4
  2053 | D:3      | Noticed Terence
  2067 | D:3      | Slain by Terence

Vault maps used:
D:1:      tarquinn_simple_flora_water_e, serial_co_window_serial,
          co_window_paths_a, co_window_corner_a, co_window_of_opportunity_a,
          co_window_of_opportunity_a, co_window_corner_a, co_window_corner_a,
          co_window_of_opportunity_b, co_window_broadway_a, co_window_corner_b,
          co_window_of_opportunity_b, co_window_2corner,
          co_window_unsneaky_path_b, co_window_of_opportunity_b,
          co_window_paths_d, glass_columns_b, glass_columns_c, glass_columns_b,
          glass_columns_a, glass_columns_b
D:2:      ecumenical_altar_1
D:3:      first_bread, serial_bayou_pond_d, grunt_decor_one_mirror,
          minmay_misc_feat_five, nemelex_xobeh_ov_fountains_minmay, uniq_terence

Action                   |  1- 3 |  4- 6 || total
-------------------------+-------+-------++-------
Melee: Long sword        |   178 |    16 ||   194
  Eat: Chunk             |     3 |     1 ||     4
